 Dungeon Crawl Stone Soup version 0.25.1-2-g60ff931df9 (console) character file.

Game seed: 14114675474599916062

25 Colgate the Bolt Thrower (level 3, 27/27 HPs)
             Began as a Formicid Hunter on Aug 10, 2020.
             Was an Initiate of Nemelex Xobeh.
             Quit the game on level 2 of the Dungeon.
             The game lasted 00:10:18 (822 turns).

Colgate the Bolt Thrower (Formicid Hunter)           Turns: 822, Time: 00:10:19

Health: 27/27      AC:  3    Str: 16    XL:     3   Next: 17%
Magic:  3/3        EV: 12    Int: 10    God:    Nemelex Xobeh [......]
Gold:   57         SH:  0    Dex: 12    Spells: 2/2 levels left

rFire    . . .     SeeInvis +   s - -3 hand axe (curse)
rCold    . . .     Gourm    .   (no shield)
rNeg     . . .     Faith    .   h - +1 robe
rPois    .         Spirit   .   (helmet unavailable)
rElec    .         Reflect  .   (no cloak)
rCorr    .         Harm     .   (no gloves)
MR       .....                  (no boots)
Stlth    +.........             e - amulet of the acrobat
HPRegen  0.09/turn              r - ring of attention (curse)
MPRegen  0.08/turn              (no ring)

@: no status effects
A: permanent stasis, dig shafts and tunnels, four strong arms, antennae 3
a: Dig, Shaft Self, Draw Escape, Draw Destruction, Draw Summoning, Renounce
Religion


You were on level 2 of the Dungeon.
You worshipped Nemelex Xobeh.
Nemelex Xobeh was noncommittal.
You were not hungry.

You visited 1 branch of the dungeon, and saw 2 of its levels.

You collected 57 gold pieces.

Inventory:

Hand Weapons
 a - a +1 hand crossbow
 b - a +0 short sword
 g - a +0 dagger
 s - a cursed -3 hand axe (weapon)
Missiles
 d - 19 bolts
Armour
 c - a +0 leather armour
 h - a +1 robe (worn)
Jewellery
 e - an amulet of the acrobat (around neck)
 r - a cursed ring of attention (left hand)
Scrolls
 j - a scroll of identify
Potions
 k - a potion of brilliance {unknown}
 m - 2 potions of magic
 n - a potion of flight {unknown}
 o - a potion of haste {unknown}
Comestibles
 f - a ration
 l - 2 chunks of flesh


   Skills:
 - Level 2.1 Fighting
 + Level 4.9 Crossbows
 - Level 1.7 Dodging
 - Level 1.2 Stealth


You had 2 spell levels left.
You didn't know any spells.
Your spell library was empty.

Dungeon Overview and Level Annotations

Branches:
Dungeon (2/15)

Altars:
Nemelex Xobeh


Innate Abilities, Weirdness & Mutations

You cannot be hasted, slowed, berserked, paralysed or teleported.
You can dig through walls and to a lower floor.
Your four strong arms can wield two-handed weapons with a shield.
You have a pair of large antennae on your head. (SInv)


Message History

It sticks to your hand!
s - a cursed -3 hand axe (weapon)
Quiver which item? (- for none, * to show all) (? for menu, Esc to quit)
Okay, then.
As you read the scroll labeled JAMAPL NAET, it crumbles to dust.
It is a scroll of identify.
m - 2 potions of magic A ball python comes into view.
As you read the scroll labeled CABROAVYRR, it crumbles to dust.
It is a scroll of enchant armour.
Your +0 robe glows green for a moment.
As you read the scroll labeled ODDO URREHYSMY, it crumbles to dust.
You feel a strange sense of stasis.
It was a scroll of teleportation.
Some of the chunks of flesh in your inventory have rotted away.
As you read the scroll labeled NAEPLU WUTOIDA, it crumbles to dust.
The scroll dissolves into smoke.
It was a scroll of fog.
Are you sure you want to abandon this character and quit the game? (Confirm with "yes".)
Okay, then.
Unknown command.
Are you sure you want to abandon this character and quit the game? (Confirm with "yes".)

#..............
#.>.......#..#
#.........#.#
#####.####..#
#......# #
#......###.#
#..........#
#....S....##
#.§.§§.##...#
#..§§§.# #.##
#..§@§§# .#
#..§§§§# .{
#.##.### . #.
..# #. .## .# .
..


There were no monsters in sight!

Vanquished Creatures
  A leopard gecko (D:1)
  3 bats (D:1)
  4 giant cockroaches (D:1)
  5 goblins (D:1)
  2 hobgoblins (D:1)
  3 kobolds (D:1)
  4 rats (D:1)
22 creatures vanquished.

Notes
Turn   | Place    | Note
-------+----------+-------------------------------------------
     0 | D:1      | Colgate the Formicid Hunter began the quest for the Orb.
     0 | D:1      | Reached XP level 1. HP: 16/16 MP: 1/1
   158 | D:1      | Reached XP level 2. HP: 20/22 MP: 2/2
   475 | D:1      | Found a sparkling altar of Nemelex Xobeh.
   479 | D:1      | Became a worshipper of Nemelex Xobeh the Trickster
   576 | D:1      | Reached XP level 3. HP: 27/27 MP: 3/3
   822 | D:2      | Quit the game

Illustrated notes

Levels and vault maps discovered:
D:1:      minmay_arrival_five_plusses, layout_basic,
          nemelex_diamond_rough_becter
D:2:      layout_rooms, marbit_many_paths, first_ration, uniq_jessica

Action                   || total
-------------------------++-------
Melee: Short sword       ||    16
 Fire: Hand crossbow     ||    33
 Abil: Dig               ||     3
  Use: Scroll            ||     4
Armor: Leather armour    ||     2
Dodge: Dodged            ||    23
